[Event "Spring Chess Classic A 2024"]
[Site "Saint Louis"]
[Date "2024.04.11"]
[Round "1.1"]
[White "Mishra, Abhimanyu"]
[Black "Mendonca, Leon Luke"]
[Result "1/2-1/2"]
[ECO "C07"]
[WhiteElo "2626"]
[BlackElo "2626"]
[Annotator "TA"]
[PlyCount "113"]
[EventDate "2024.04.11"]
[EventCountry "USA"]
[SourceTitle "playchess.com"]
[Source "ChessBase"]
[SourceQuality "1"]
[TimeControl "7200+30"]

1. e4 e6 2. d4 d5 3. Nd2 c5 4. Ngf3 cxd4 5. Nxd4 Nf6 6. exd5 Nxd5 7. Bd3 Nb4 8. Bb5+ Bd7 9. a3 Nd5 10. c4 Nf6 11. N2f3 Be7 12. O-O O-O 13. Bf4 Nc6 14. Nxc6 bxc6 15. Ba4 Qb6 16. Ne5 Rfd8 17. Qf3 Rac8 18. Rfd1 {[%emt 0:15:41] White is more active.} Be8 19. b4 a5 20. Rxd8 Bxd8 21. bxa5 (21. Rb1 $14) 21... Qxa5 $11 22. Bxc6 (22. Nxc6 $2 {is the wrong capture.} Qxa4 23. Nxd8 Rxd8 $19) 22... Bc7 23. Bb5 $1 Bxb5 24. cxb5 Qxb5 25. Rc1 Nd5 {[%emt 0:04:10] [#] White must now prevent ...Nxf4.} 26. Bg3 Rf8 27. h3 (27. Qd3 {keeps more tension.} Qb2 28. Rb1 Qc3 29. Rb3) 27... h6 28. Kh2 Bd6 29. Nc4 {[%emt 0:01:57] Repels Qb2} Be7 30. Ne5 Qa6 31. Ra1 Qa4 32. Ra2 Bf6 33. Rb2 Qd4 34. Re2 Ra8 35. Ng4 {[%emt 0:01:02] The position is equal.} Qa4 36. Nxf6+ Nxf6 37. Rb2 Kh7 38. Rb7 Qe4 39. Qxe4+ Nxe4 40. Rxf7 Nxg3 41. Kxg3 Rxa3+ {[%emt 0:00:02][%mdl 4096] Endgame. KR-KR} 42. Rf3 Ra5 43. Re3 Ra6 44. Rf3 Ra5 45. h4 Kg6 46. Re3 Kf6 47. f3 h5 48. Rb3 Ra4 49. Rb5 g6 50. Rb8 Rc4 51. Rf8+ Kg7 52. Rf4 Rc2 53. Re4 Kf6 54. Rf4+ $1 Kg7 55. Re4 Kf6 56. Rf4+ $1 Kg7 57. Re4 {[%emt 0:00:04] Weighted Error Value: White=0.07 (flawless) /Black=0.06 (flawless) .  Mistake:       	White=1     	---        Inaccurate:     	White=4     	Black=3      OK:         	White=13    	Black=20     Best:        	White=1     	Black=5      Strong:       	White=3     	---} 1/2-1/2

[Event "Spring Chess Classic A 2024"]
[Site "Saint Louis"]
[Date "2024.04.11"]
[Round "1.2"]
[White "Hakobyan, Aram"]
[Black "Aryan Chopra"]
[Result "1-0"]
[ECO "E92"]
[WhiteElo "2619"]
[BlackElo "2630"]
[Annotator "TA"]
[PlyCount "127"]
[EventDate "2024.04.11"]
[EventCountry "USA"]
[SourceTitle "playchess.com"]
[Source "ChessBase"]
[SourceQuality "1"]
[TimeControl "7200+30"]

1. d4 Nf6 2. c4 g6 3. Nc3 Bg7 4. e4 d6 5. Nf3 O-O 6. Be3 Na6 7. Be2 e5 8. dxe5 dxe5 9. Qc2 Ng4 10. Bg5 f6 11. Rd1 Qe8 12. Bc1 c6 13. h3 Nh6 14. a3 Nf7 15. b4 Be6 16. O-O Qe7 17. b5 Nb8 18. a4 Nd7 19. a5 Rfc8 20. Qb3 Bf8 21. a6 Nc5 22. Qa3 cxb5 23. cxb5 Nxa6 24. Qb2 Nb4 25. Nd5 Nxd5 26. exd5 Bd7 27. Qa2 Nd6 28. Ba3 Qd8 29. Nd2 Nxb5 30. Bxb5 Bxb5 31. d6+ Kg7 32. Rfe1 Ba4 (32... Bxd6 $2 33. Ne4 Qg8 (33... Bc4 $2 34. Qa1 $18) 34. Qxg8+ Rxg8 35. Rxd6 $18 (35. Nxd6 Bc6 $18)) 33. Rb1 (33. Nb3 $142) 33... Qd7 (33... Bxd6 $2 34. Bxd6 Bc6 (34... Qxd6 $2 35. Qxa4 b6 36. Ne4 $18) 35. Qa3 $18) (33... b6 $142 34. f4 Bxd6 35. Bxd6 Qxd6 36. Qxa4 Qxd2 37. fxe5 fxe5) 34. Rb2 (34. Ne4 $17) 34... Bc6 (34... Bxd6 35. Bxd6 Bc6 36. Qa3 $18) 35. Rd1 Rd8 (35... Bxd6 36. Nf1 $16) 36. Nf1 (36. Nc4 {was called for.}) 36... Qf7 37. Qa1 Rd7 38. Rbd2 Rad8 39. Bb4 Qe6 40. Qa3 b6 41. Qc3 Ba4 (41... Bxd6 $2 42. Qxc6 h6 43. Bxd6 $18 (43. Rxd6 Rxd6 44. Rxd6 Rxd6 $18)) 42. Rb1 Bxd6 43. Bxd6 Rxd6 44. Rxd6 Rxd6 ({Resist} 44... Qxd6 45. Qa1 Qd7 46. Rc1 $19) 45. Ra1 b5 46. Ne3 Rc6 47. Qb4 Qd6 48. Qg4 h5 (48... Qd2 $142 {And now ...a5 would win.} 49. h4 h5 (49... Rc1+ $2 50. Rxc1 Qxc1+ 51. Kh2 $19)) 49. Qg3 $2 (49. Nf5+ Kh7 50. Qxa4 bxa4 (50... gxf5 51. Qxb5 Rc7 52. Qe8 $15) 51. Nxd6 Rxd6 52. Rxa4) 49... Kf7 50. Qf3 Qd7 51. g4 hxg4 52. hxg4 Kg7 53. g5 fxg5 54. Qg3 $2 (54. Qg2) 54... Qd4 $19 55. Re1 Qf4 56. Qh3 g4 57. Qh4 {[%emt 0:00:42] [#]} g3 (57... Bb3 $142 $1 58. Qe7+ (58. Qxg4 Qxg4+) 58... Bf7 59. Qxa7 b4) 58. Qe7+ $19 Kh6 $2 (58... Kg8 $19 59. Qd8+ Qf8 60. Qd5+ Qf7 61. Qd8+ Kg7 62. fxg3 Qe6) 59. Ng4+ $11 Kh5 $2 (59... Qxg4 $11 60. Qf8+ Kh5 61. Rxe5+ g5 62. Qh8+ Kg6 63. Qe8+ Kf6 64. Qe7+ Kg6 65. Qe8+ Kf6 66. Qe7+ Kg6 67. Qe8+) 60. f3 $1 $18 Qd4+ {[%emt 0:00:29] [#]} 61. Kg2 $1 Rc2+ 62. Kh3 $1 (62. Kxg3 $2 {is a self mate.} Qf4+ 63. Kh3 Qxf3#) 62... Rh2+ 63. Nxh2 gxh2 64. Rxe5+ 1-0

[Event "Spring Chess Classic A 2024"]
[Site "Saint Louis"]
[Date "2024.04.11"]
[Round "1.3"]
[White "Bok, Benjamin"]
[Black "Swiercz, Dariusz"]
[Result "1/2-1/2"]
[ECO "E04"]
[WhiteElo "2620"]
[BlackElo "2612"]
[Annotator "TA"]
[PlyCount "144"]
[EventDate "2024.04.11"]
[EventCountry "USA"]
[SourceTitle "playchess.com"]
[Source "ChessBase"]
[SourceQuality "1"]
[TimeControl "7200+30"]

1. d4 d5 2. c4 e6 3. Nf3 Nf6 4. g3 dxc4 5. Bg2 a6 6. O-O Nc6 7. e3 Rb8 8. Qe2 {[%emt 0:02:48] E04: Open Catalan: 5 Nf3.} b5 9. b3 cxb3 10. axb3 Bd6 11. Bb2 Bb7 12. Rc1 O-O 13. Ne5 Nb4 14. Bxb7 Rxb7 15. Ba3 Rb6 16. Nd2 Qa8 $146 ({Predecessor:} 16... a5 17. Ndf3 Ne4 18. Nd3 Nxd3 19. Qxd3 Qa8 20. d5 b4 21. Bb2 exd5 22. Rd1 Ra6 23. Qxd5 Qxd5 24. Rxd5 {0-1 Pitl,G (2387)-Naiditsch,A (2736) Bundesliga 1819 2018 (5.3)}) 17. Ndf3 Nc6 18. Bc5 Nxe5 19. Nxe5 Rbb8 20. Qf3 Qxf3 21. Nxf3 Ra8 22. Bxd6 cxd6 23. Rc6 Ne4 24. Raxa6 g5 25. h3 Rxa6 26. Rxa6 Rc8 27. Ra2 Rc3 28. Rb2 Rc1+ 29. Kg2 b4 30. d5 e5 31. Nd2 Nc5 32. g4 e4 33. Ra2 Rd1 34. Kg3 Kf8 35. h4 Rg1+ 36. Kh2 Rxg4 37. hxg5 Rxg5 38. Ra5 Ke7 39. Rb5 Rxd5 40. Nxe4 Re5 41. Ng3 Nd3 42. Rb7+ Ke6 43. Kg2 Ra5 44. Ne2 Ra2 45. Nf4+ Nxf4+ 46. exf4 Rd2 47. Rxb4 Rd3 48. Rb5 d5 49. Rb6+ Kf5 50. Rb7 f6 51. Rxh7 Rxb3 52. Rd7 Ke4 53. f3+ Rxf3 54. Rxd5 $1 Rxf4 55. Ra5 Rg4+ 56. Kf2 Kf4 57. Rb5 Rg8 58. Rb4+ Kg5 59. Kf3 Ra8 60. Rg4+ Kf5 61. Rf4+ Kg6 62. Rg4+ Kf7 63. Rb4 Ra5 64. Rb7+ Kg6 65. Rb4 $1 Ra3+ 66. Kf2 Kg5 67. Rc4 f5 68. Rb4 Ra2+ 69. Kf3 Ra3+ 70. Kf2 $1 Ra2+ 71. Kf3 Ra3+ 72. Kf2 Ra2+ 1/2-1/2

[Event "Spring Chess Classic A 2024"]
[Site "Saint Louis"]
[Date "2024.04.11"]
[Round "1.4"]
[White "Ter-Sahakyan, Samvel"]
[Black "Antipov, Mikhail Al."]
[Result "0-1"]
[ECO "C65"]
[WhiteElo "2644"]
[BlackElo "2574"]
[Annotator "TA"]
[PlyCount "88"]
[EventDate "2024.04.11"]
[EventCountry "USA"]
[SourceTitle "playchess.com"]
[Source "ChessBase"]
[SourceQuality "1"]
[TimeControl "7200+30"]

1. e4 e5 2. Nf3 Nc6 3. Bb5 Nf6 4. d3 Ne7 5. Nc3 c6 6. Bc4 {[%emt 0:00:16] C65: Ruy Lopez: Berlin Defence (3...Nf6), unusual lines and 4 0-0 Bc5.} d6 {[%emt 0:00:08] 6...Ng6 is vanishing.} 7. d4 exd4 8. Qxd4 Ng6 9. h4 Bg4 10. Ng5 Ne5 11. Bb3 $146 ({Predecessor:} 11. Bf4 Qc7 12. f3 Nxc4 13. Qxc4 h6 14. fxg4 hxg5 15. Bxg5 Nxg4 16. O-O-O Ne5 17. Qd4 {½-½ Tobor,M (2366)-Gulbis,H (2349) EU-ch 2019 sf06 email}) 11... h6 12. f4 hxg5 13. fxe5 Nd7 14. exd6 f6 ({Black should play} 14... Qf6 $17 15. Qe3 (15. Qxf6 gxf6 16. e5 gxh4 $17) 15... Qxd6 (15... gxh4 $2 16. Rf1 $18) 16. Qxg5 Qg3+ 17. Kf1 f6) 15. Bxg5 $1 $11 fxg5 16. e5 Qa5 $1 17. e6 Nf6 18. e7 $1 Bxe7 $1 19. dxe7 (19. Qe3 $5 Qd8 20. dxe7 Qxe7 21. Qxe7+ Kxe7 22. O-O gxh4 (22... Rxh4 23. Rae1+ Kd6 24. Ne4+ Nxe4 25. Rxe4 $11) 23. Rae1+ Kd6 24. Ne4+ Nxe4 25. Rxe4 $11) 19... Rxh4 20. Kd2 {[%emt 0:15:59] [#]} (20. Rxh4 $11 gxh4 21. Kf2) 20... Bh3 (20... Kxe7 $2 21. Rae1+ $18 (21. Rhe1+ Be2 $18) (21. Rhe1+ Be2 $18)) (20... Qb6 $1 $17 21. Qxb6 axb6) 21. Qe3 (21. g4 $1 $11 Qb6 (21... Bxg4 22. Rag1 $11) (21... Rxg4 $2 {loses.} 22. Qd3 $18) 22. Qc4 Qf2+ 23. Ne2 (23. Kc1 Qf4+ 24. Qxf4 gxf4 $17)) 21... Bxg2 $17 22. Rhe1 (22. Rhg1 $17 {is a better defense.} Ne4+ 23. Kc1) 22... Re4 (22... Ne4+ $1 $19 23. Kc1 Qe5) 23. Qf2 Qb4 24. Rad1 Rxe1 25. Rxe1 Qd6+ 26. Kc1 Qf4+ 27. Qd2 Bf3 28. Re3 g4 (28... Ng4 $1 $15 29. Re6 Qxd2+ 30. Kxd2 Nf6) 29. Bf7+ (29. Qf2 $1 $11 {keeps the balance.}) 29... Kxf7 $17 30. e8=Q+ Rxe8 31. Re7+ Rxe7 32. Qxf4 Kg6 33. a4 Re6 34. a5 (34. Qc4 $17 Re5 35. Qd3+ Rf5 36. Qd6) 34... Nh5 $19 35. Qd4 {[%emt 0:00:12] [#]} c5 ({Better is} 35... a6 $1 $19 36. b3 (36. Qd7 Nf4) 36... Kh6) 36. Qd7 $17 Nf4 37. Qc7 $2 (37. Qd2 $17 Kf5 38. Qf2) 37... Rf6 $19 38. Qxc5 g3 39. b4 g2 40. Qe3 Kf5 41. Kb2 Re6 42. Qc5+ Kg4 43. a6 bxa6 44. Qxa7 g5 0-1

[Event "Spring Chess Classic A 2024"]
[Site "Saint Louis"]
[Date "2024.04.11"]
[Round "1.5"]
[White "Yoo, Christopher Woojin"]
[Black "Theodorou, Nikolas"]
[Result "1-0"]
[ECO "A57"]
[WhiteElo "2583"]
[BlackElo "2622"]
[Annotator "TA"]
[PlyCount "101"]
[EventDate "2024.04.11"]
[EventCountry "USA"]
[SourceTitle "playchess.com"]
[Source "ChessBase"]
[SourceQuality "1"]
[TimeControl "7200+30"]

1. d4 Nf6 2. c4 c5 3. d5 b5 4. Nd2 b4 5. b3 g6 6. Bb2 Bg7 7. g3 d6 8. Bg2 {[%emt 0:02:40] White is slightly better.} O-O 9. Nh3 a5 10. a4 Ra7 11. O-O e5 12. dxe6 fxe6 13. Nf4 Nh5 14. Bxg7 Nxg7 15. Ne4 Rd7 16. Qc2 {[%emt 0:05:18] White is more active.} Bb7 17. Rad1 Nc6 18. Qb2 g5 19. Nd3 Nd4 {[%emt 0:10:47] [#]} 20. Nexc5 $1 dxc5 21. Bxb7 (21. Nxc5 Nf3+ (21... Bxg2 22. Nxd7 Qxd7 23. Rxd4 $11) 22. Bxf3 Rxd1 $11) 21... Rxb7 22. Nxc5 e5 $1 23. Nxb7 Qb6 {[%emt 0:00:51] [#]} 24. Nxa5 $1 Nge6 {[%emt 0:03:32] [#]} (24... Qxa5 25. Rxd4) 25. Qd2 $1 Qxa5 $11 26. Qe3 Qc7 27. Rd3 (27. Rxd4 $5 Nxd4 28. Qxg5+ Kh8 29. Qe3 $11) 27... Nc5 {[%emt 0:01:54] Dodges Qe4} (27... Nf5 $11 {keeps the balance.} 28. Qf3 Kh8) 28. Qxg5+ $16 Qg7 29. Qxg7+ Kxg7 {[%emt 0:00:02] [#]} 30. Rd2 {[%emt 0:01:30] White leaves nothing to chance now.} Ndxb3 31. Rb2 Rd8 {[%emt 0:00:36] [#]} (31... Ra8 $16 {was worth a try.}) 32. Kg2 $1 $18 Nd2 33. Rd1 Nxc4 34. Rxd8 Nxb2 35. Rb8 b3 36. a5 Nc4 $2 {[%emt 0:02:02] [#]} (36... Nba4 37. a6 Nxa6 38. Rb7+ (38. Rxb3 N4c5 $18) 38... Kg6) 37. a6 $1 Nxa6 38. Rxb3 e4 39. Rb7+ {[%emt 0:00:34] White is clearly winning.} Kg6 40. Ra7 Nb8 41. Ra4 Ne5 42. Rxe4 Nbd7 43. Rd4 Nf6 44. e4 Kf7 45. f4 Nc6 46. Rc4 Ne7 47. Kf3 {[%emt 0:00:22] Dodges Ng4} h5 48. h3 Ne8 49. Rc5 Ng7 50. f5 Kf6 51. Rc7 {[%emt 0:01:07] Weighted Error Value: White=0.05 (flawless) /Black=0.27 (precise) .  Mistake:       	White=1     	Black=3      Inaccurate:     	White=3     	Black=3      OK:         	White=22    	Black=14     Best:        	White=1     	---        Strong:       	White=1     	Black=1      Brilliant:      	White=3     	---} 1-0

[Event "Spring Chess Classic A 2024"]
[Site "Saint Louis"]
[Date "2024.04.13"]
[Round "2.1"]
[White "Mendonca, Leon Luke"]
[Black "Theodorou, Nikolas"]
[Result "1/2-1/2"]
[ECO "E48"]
[WhiteElo "2626"]
[BlackElo "2622"]
[Annotator "TA"]
[PlyCount "108"]
[EventDate "2024.04.11"]
[EventCountry "USA"]
[SourceTitle "playchess.com"]
[Source "ChessBase"]
[SourceQuality "1"]
[TimeControl "7200+30"]

1. d4 Nf6 2. c4 e6 3. Nc3 Bb4 4. e3 O-O 5. Bd3 d5 6. cxd5 exd5 7. Nge2 Re8 8. Bd2 {[%emt 0:00:47] E48: Nimzo-Indian: Rubinstein: 5 Bd3 d5 including 6 Ne2, but excluding 6 a3.} Bd6 9. Rc1 a6 10. O-O b6 11. Nf4 Bb7 12. Qf3 g6 $5 $146 {[%emt 0:22:57][%mdl 8] An interesting novelty.} ({Predecessor:} 12... c5 13. Nfxd5 Nxd5 14. Bc4 Bxh2+ 15. Kxh2 Qc7+ 16. Qg3 Qxg3+ 17. Kxg3 Nxc3 18. Bxc3 Nd7 19. Rfe1 b5 20. Bb3 a5 21. dxc5 Nxc5 22. Bc2 {½-½ Babula,V (2539)-Korobov,A (2667) SVK-chT 2324 2023 (3.1)}) 13. Rfd1 Ra7 14. Bb1 Ba8 15. a4 c5 16. a5 bxa5 17. dxc5 Bxc5 18. Ba2 Rd7 19. Be1 $1 (19. Ncxd5 Nxd5 20. Bxa5 (20. Rxc5 $2 Nxe3 21. Bxf7+ Rxf7 $19) 20... Nxf4 (20... Qxa5 $2 21. Bxd5 Bxd5 22. Nxd5 $19) 21. Rxd7 Nxd7 $15 (21... Qxd7 $2 22. Qxf4 Nc6 23. Bc3 $19) (21... Bxf3 $2 22. Bxf7+ Kf8 23. Rxd8 $19)) 19... Bb4 20. h3 {[%emt 0:19:42] [#]} (20. Bxd5 $2 Nxd5 21. Ncxd5 Bxe1 $19) (20. Bb3 $11 {keeps the balance.}) 20... Bb7 (20... Nc6 $1 $17 {Strongly threatening ...Kg7.} 21. h4 (21. Bxd5 $2 Ne5 $19) (21. Nfxd5 $2 Nxd5 22. Nxd5 Ne5 $17) 21... Bxc3 (21... Ne5 22. Qg3 $17) 22. bxc3 (22. Bxc3 $2 d4 $19) 22... d4 (22... Ne5 23. Qg3 $15)) 21. Qg3 $1 $11 (21. Ncxd5 $2 Bxe1 22. Nxf6+ Qxf6 $19) 21... Kg7 22. Nce2 (22. Bd2 $11 {remains equal.}) 22... Bxe1 23. Rxe1 Nc6 24. Nd3 Ne4 25. Qf4 Qb6 26. Red1 (26. f3 {simplifies} Nf6 27. Nd4 Nxd4 28. Qxd4 Qxd4 29. exd4 Rxe1+ 30. Rxe1 Bc6 31. Nc5) 26... Nb4 (26... Rd6 $15 {was preferrable.} 27. Bb1 Rf6) 27. Nxb4 axb4 28. Rd4 (28. Bb1 $11) 28... a5 $17 29. Rcd1 Rd6 30. f3 (30. Qf3 $17 {keeps fighting.}) 30... Rf6 $19 31. Qg4 h5 32. Qh4 Nd6 33. Ng3 Nf5 ({Worse is} 33... Rxe3 34. Nxh5+ (34. Bxd5 $2 {too greedy.} Bxd5 35. Nxh5+ gxh5 $19) 34... gxh5 35. Qg5+ (35. Bxd5 $2 Re2 $19) 35... Rg6 36. Qxe3 $11) 34. Nxf5+ Rxf5 35. Bxd5 Bxd5 (35... Rxe3 36. Qf2 Re7 37. R4d2 Qxf2+ 38. Kxf2 $17) 36. Rxd5 Qxe3+ 37. Kh2 Rxd5 38. Rxd5 Re5 39. Rd6 Rf5 40. Qd4+ Qxd4 41. Rxd4 Rc5 42. Kg3 Rc2 43. b3 h4+ (43... Rc3 44. Rd5 $17) 44. Kxh4 Rxg2 45. Rd5 Kh6 46. f4 {[%emt 0:00:00] [#]} a4 $2 (46... Ra2 $1 $19 {[%mdl 512] Hoping for ...Ra3.} 47. Rc5 (47. Rd1 Rf2) 47... f6) 47. bxa4 $11 b3 48. Rd8 $1 b2 49. Rh8+ Kg7 50. Rb8 f6 51. a5 Kh6 52. Rh8+ Kg7 53. Rb8 Kh6 54. Rh8+ Kg7 1/2-1/2

[Event "Spring Chess Classic A 2024"]
[Site "Saint Louis"]
[Date "2024.04.13"]
[Round "2.2"]
[White "Antipov, Mikhail Al."]
[Black "Yoo, Christopher Woojin"]
[Result "1/2-1/2"]
[ECO "B10"]
[WhiteElo "2574"]
[BlackElo "2583"]
[Annotator "TA"]
[PlyCount "68"]
[EventDate "2024.04.11"]
[EventCountry "USA"]
[SourceTitle "playchess.com"]
[Source "ChessBase"]
[SourceQuality "1"]
[TimeControl "7200+30"]

1. e4 c6 2. Nf3 d5 3. d3 Bg4 4. c3 Nd7 5. Nbd2 Ngf6 6. Be2 Bxf3 7. Bxf3 Nc5 8. Nb3 dxe4 9. Nxc5 exf3 10. Qxf3 Nd7 11. Nxd7 (11. Nxb7 $2 {too greedy.} Qc7 $19) 11... Qxd7 12. Bf4 Qd5 13. Qxd5 cxd5 14. a4 e6 15. a5 Kd7 16. Kd2 Bd6 17. Bxd6 Kxd6 $11 {[%emt 0:00:04][%mdl 4096] Endgame. KRR-KRR} 18. Ra4 Kc6 19. Rha1 Rad8 20. Rb4 e5 21. c4 {[%emt 0:10:41] Hoping for cxd5+.} dxc4 22. Rxc4+ Kd6 $1 23. f4 f6 24. fxe5+ fxe5 25. Ra3 Rhf8 26. Ke3 {[%emt 0:00:16] Inhibits Rf2.} Rf7 27. Rb3 Ke6 28. Rc5 Rd5 29. Rxd5 Kxd5 {[%emt 0:00:06] KR-KR} 30. Rb5+ Ke6 31. Ke4 Rf4+ 32. Ke3 Rf7 {[%emt 0:00:05] The position is equal.} 33. Ke4 Rf4+ 34. Ke3 Rf7 {[%emt 0:00:03] Weighted Error Value: White=0.03 (flawless) /Black=0.03 (flawless) .  Inaccurate:     	White=1     	---        OK:         	White=7     	Black=10     Best:        	---       	Black=3      Strong:       	---       	Black=1} 1/2-1/2

[Event "Spring Chess Classic A 2024"]
[Site "Saint Louis"]
[Date "2024.04.13"]
[Round "2.3"]
[White "Swiercz, Dariusz"]
[Black "Ter-Sahakyan, Samvel"]
[Result "1/2-1/2"]
[ECO "B90"]
[WhiteElo "2612"]
[BlackElo "2644"]
[Annotator "RC"]
[PlyCount "117"]
[EventDate "2024.04.11"]
[EventCountry "USA"]
[SourceTitle "playchess.com"]
[Source "ChessBase"]
[SourceQuality "1"]
[TimeControl "7200+30"]

1. e4 c5 2. Nf3 d6 3. d4 cxd4 4. Nxd4 Nf6 5. Nc3 a6 6. Be3 e5 7. Nb3 Be7 8. h3 h6 9. Rg1 Qc7 10. g4 b5 11. a4 b4 12. Nd5 Nxd5 13. exd5 Nd7 14. Qd3 Rb8 15. O-O-O Bg5 16. Kb1 Bb7 17. Bxg5 hxg5 18. Qd2 Rc8 19. Bd3 Rxh3 20. Be4 Nf6 21. Bf5 Rb8 22. Qxg5 Kf8 23. Qd2 Nxd5 24. Rge1 Ne7 25. Qxd6 Qxd6 26. Rxd6 Nxf5 27. gxf5 Rh6 28. Rd7 Bc6 29. Nc5 Rc8 30. Ra7 Bd5 31. Nd7+ Kg8 32. Nxe5 b3 33. cxb3 Bxb3 34. Rb7 Bxa4 35. Nxf7 Rf6 36. Ree7 Bc2+ 37. Ka2 Rxf5 38. Ne5 Rg5 39. Rbc7 Rxc7 40. Rxc7 Rxe5 41. Rxc2 Kf7 42. Ka3 g5 43. Rc7+ Kg6 44. Rc6+ Kh5 45. Rxa6 Rf5 46. Ra8 Rxf2 47. Rh8+ Kg4 48. b4 Rf1 49. b5 Rb1 50. Ka4 Kg3 51. Rg8 g4 52. Ka5 Kf3 53. b6 g3 54. Ka6 g2 55. b7 Kf2 56. Ka7 g1=Q 57. Rxg1 Kxg1 58. b8=Q Rxb8 59. Kxb8 1/2-1/2

[Event "Spring Chess Classic A 2024"]
[Site "Saint Louis"]
[Date "2024.04.13"]
[Round "2.4"]
[White "Aryan Chopra"]
[Black "Bok, Benjamin"]
[Result "1-0"]
[ECO "D37"]
[WhiteElo "2630"]
[BlackElo "2620"]
[Annotator "ChessBase"]
[PlyCount "95"]
[EventDate "2024.04.11"]
[EventCountry "USA"]
[SourceTitle "playchess.com"]
[Source "ChessBase"]
[SourceQuality "1"]
[TimeControl "7200+30"]

1. d4 d5 2. c4 e6 3. Nf3 Nf6 4. Nc3 Be7 5. Bf4 O-O 6. e3 Nbd7 7. Be2 dxc4 8. Bxc4 a6 9. a4 c5 10. dxc5 Nh5 11. c6 Nb6 12. Bd3 Nxf4 13. exf4 bxc6 14. Ne5 Bf6 15. O-O Qc7 16. Re1 Nd5 17. g3 Rb8 18. Qc2 g6 19. Nxd5 exd5 20. Rac1 Bxe5 21. Rxe5 Rd8 22. Rce1 c5 23. f5 Qd6 24. fxg6 hxg6 25. Qd2 Qf6 26. Re8+ Kg7 27. Rxd8 Qxd8 28. Qc3+ Qf6 29. Re8 Qxc3 30. bxc3 c4 31. Bf1 a5 32. f4 Ra8 33. Kf2 Bb7 34. Rxa8 Bxa8 35. Be2 Bc6 36. Bd1 Kf6 37. Ke3 Ke6 38. Kd4 f5 39. Kc5 Kd7 40. g4 fxg4 41. Bxg4+ Kc7 42. Bd1 Ba8 43. Bc2 Bc6 44. h4 Kd7 45. f5 gxf5 46. Bxf5+ Kc7 47. h5 d4 48. Kxd4 1-0

[Event "Spring Chess Classic A 2024"]
[Site "Saint Louis"]
[Date "2024.04.13"]
[Round "2.5"]
[White "Mishra, Abhimanyu"]
[Black "Hakobyan, Aram"]
[Result "1-0"]
[ECO "C54"]
[WhiteElo "2626"]
[BlackElo "2619"]
[Annotator "RC"]
[PlyCount "105"]
[EventDate "2024.04.11"]
[EventCountry "USA"]
[SourceTitle "playchess.com"]
[Source "ChessBase"]
[SourceQuality "1"]
[TimeControl "7200+30"]

1. e4 e5 2. Nf3 Nc6 3. Bc4 Bc5 4. c3 Nf6 5. d3 d6 6. O-O a6 7. a4 Ba7 8. Re1 O-O 9. h3 Re8 10. b4 Be6 11. Bxe6 Rxe6 12. g3 h6 13. Nbd2 Ne7 14. Kg2 Ng6 15. Qc2 d5 16. Nb3 Qe7 17. Be3 Bxe3 18. Rxe3 dxe4 19. dxe4 Rd6 20. a5 Rad8 21. Nc5 c6 22. c4 Nh7 23. h4 Nf6 24. Raa3 Nf8 25. Red3 Ne6 26. Rxd6 Rxd6 27. Nxe6 Qxe6 28. c5 Rd7 29. Re3 Ng4 30. Re2 Kf8 31. Rd2 Ke7 32. Qc3 Rxd2 33. Nxd2 g5 34. f3 Nf6 35. Nc4 Nd7 36. Qd3 gxh4 37. gxh4 Nf6 38. Qc3 Nd7 39. Nd6 Qa2+ 40. Kf1 Qb1+ 41. Ke2 Qh1 42. Qe1 Qh2+ 43. Qf2 Qh1 44. Qg3 Qa1 45. Qg8 Qa2+ 46. Kf1 Nf8 47. Qg7 Qe6 48. Nf5+ Ke8 49. h5 Qc4+ 50. Kf2 Qa2+ 51. Kg3 Qe6 52. Qh8 Qb3 53. Qf6 1-0

[Event "Spring Chess Classic A 2024"]
[Site "Saint Louis"]
[Date "2024.04.14"]
[Round "3.1"]
[White "Hakobyan, Aram"]
[Black "Mendonca, Leon Luke"]
[Result "0-1"]
[ECO "D39"]
[WhiteElo "2619"]
[BlackElo "2626"]
[Annotator "ChessBase"]
[PlyCount "100"]
[EventDate "2024.04.11"]
[EventCountry "USA"]
[SourceTitle "playchess.com"]
[Source "ChessBase"]
[SourceQuality "1"]
[TimeControl "7200+30"]

1. d4 Nf6 2. c4 e6 3. Nf3 d5 4. Nc3 Bb4 5. Bg5 dxc4 6. e4 h6 7. Bxf6 Qxf6 8. Bxc4 c5 9. O-O cxd4 10. e5 Qd8 11. Ne4 O-O 12. Qe2 Be7 13. Rfd1 Qa5 14. Rac1 Rd8 15. Ng3 Bd7 16. Nh5 g6 17. Nf4 Nc6 18. Qe4 Bf8 19. b4 Qxb4 20. Nxg6 fxg6 21. Qxg6+ Bg7 22. Ng5 Qe7 23. Nxe6 Bxe6 24. Bxe6+ Kh8 25. Bf5 Bf8 26. f4 Qg7 27. Qh5 Nb4 28. Rb1 Nd5 29. Qf3 Rab8 30. Rd2 b6 31. Kh1 Bc5 32. g4 Ne3 33. Bd3 Rf8 34. Rf2 Rbe8 35. g5 Rxe5 36. gxh6 Qg4 37. Rg1 Qxf3+ 38. Rxf3 Rh5 39. h7 Nd5 40. Rfg3 Nf6 41. Rg7 a5 42. R1g6 Nxh7 43. Bc4 Nf6 44. Rb7 Rh7 45. Rxh7+ Kxh7 46. f5 Bd6 47. Kg2 Be5 48. Kf3 Rc8 49. Bd3 Rc3 50. Ke2 Ra3 0-1

[Event "Spring Chess Classic A 2024"]
[Site "Saint Louis"]
[Date "2024.04.14"]
[Round "3.2"]
[White "Bok, Benjamin"]
[Black "Mishra, Abhimanyu"]
[Result "1/2-1/2"]
[ECO "D13"]
[WhiteElo "2620"]
[BlackElo "2626"]
[Annotator "RC"]
[PlyCount "78"]
[EventDate "2024.04.11"]
[EventCountry "USA"]
[SourceTitle "playchess.com"]
[Source "ChessBase"]
[SourceQuality "1"]
[TimeControl "7200+30"]

1. d4 d5 2. c4 c6 3. cxd5 cxd5 4. Bf4 Nc6 5. e3 a6 6. Nc3 Nf6 7. Be2 Bf5 8. Nf3 e6 9. Qb3 Nh5 10. Be5 Na5 11. Qa4+ Nc6 12. Qb3 Na5 13. Qa4+ Nc6 14. O-O Be7 15. Rfc1 O-O 16. h3 Nf6 17. Bg3 Rc8 18. Qd1 h6 19. Ne5 Bd6 20. Na4 Bxe5 21. Bxe5 Nxe5 22. Rxc8 Qxc8 23. dxe5 Nd7 24. Rc1 Qb8 25. f4 Rc8 26. b4 f6 27. exf6 Nxf6 28. Bf3 Be4 29. Bxe4 Nxe4 30. Nc5 Nxc5 31. Rxc5 Rxc5 32. bxc5 Qf8 33. Qd4 Qf5 34. a4 Kh7 35. Kf2 Qc2+ 36. Kf3 Qc1 37. Kf2 Qc2+ 38. Kf3 Qc1 39. Kf2 Qc2+ 1/2-1/2

[Event "Spring Chess Classic A 2024"]
[Site "Saint Louis"]
[Date "2024.04.14"]
[Round "3.3"]
[White "Ter-Sahakyan, Samvel"]
[Black "Aryan Chopra"]
[Result "1/2-1/2"]
[ECO "B12"]
[WhiteElo "2644"]
[BlackElo "2630"]
[Annotator "RC"]
[PlyCount "109"]
[EventDate "2024.04.11"]
[EventCountry "USA"]
[SourceTitle "playchess.com"]
[Source "ChessBase"]
[SourceQuality "1"]
[TimeControl "7200+30"]

1. e4 c6 2. d4 d5 3. e5 Bf5 4. h4 h5 5. Bd3 Bxd3 6. Qxd3 Qa5+ 7. Nd2 e6 8. Ngf3 Nh6 9. O-O Nf5 10. Nb3 Qb5 11. Qd1 c5 12. a4 Qb6 13. dxc5 Bxc5 14. Nxc5 Qxc5 15. Bg5 Nc6 16. c3 Rc8 17. Re1 Qb6 18. Rb1 Na5 19. b4 Nc4 20. Nd4 Nxd4 21. cxd4 Rc7 22. a5 Qb5 23. Qf3 Rc8 24. Rb3 Qa4 25. Reb1 Qa2 26. Qd1 Qa4 27. Ra1 Qb5 28. Qf3 Rc7 29. Rc1 Rc8 30. Rcc3 Rc7 31. Kh2 Rc8 32. Qf4 Rc7 33. Rf3 Qa4 34. Qc1 Qa2 35. Qd1 Rf8 36. Qd3 Rh8 37. Qd1 Qa4 38. Qb1 Rc8 39. Rbc3 Rc7 40. Rb3 Qb5 41. Qa2 Rf8 42. Rf4 Rh8 43. Kg1 Rd7 44. Rff3 Rc7 45. Qa1 Rf8 46. Qd1 Qa4 47. Kh2 Rh8 48. Qe2 Qb5 49. Qd3 Qa4 50. Qb1 Qb5 51. Qc1 Rf8 52. Qb1 Rh8 53. Qc1 Rf8 54. Qb1 Rh8 55. Qc1 1/2-1/2